 Dungeon Sprint DCSS version 0.31-a0-18-gea43df2a32 (webtiles) character file.

Game seed: 11233371930066566111

543 sircluck the Unseen (level 7, -2/45 HPs)
             Began as a Kobold Brigand on May 9, 2023.
             Was an Elder of Dithmenos.
             Slain by a gnoll sergeant
             ... wielding a +0 trident
              (12 damage)
             ... in the Dungeon (Sprint VII: "The Pits").
             The game lasted 00:00:55 (286 turns).

sircluck the Unseen (Kobold Brigand)                 Turns: 286, Time: 00:00:56

Health: -2/45      AC:  3    Str:  9    XL:     7   Next: 52%
Magic:  7/7        EV: 15    Int: 12    God:    Dithmenos [****..]
Gold:   0          SH:  0    Dex: 18    Spells: 6/6 levels left

rFire   . . .        a - +2 dagger
rCold   . . .        (no shield)
rNeg    . . .        b - +0 robe
rPois   .            (no helmet)
rElec   .            c - +0 cloak
rCorr   .            (no gloves)
SInv    .            (no boots)
Will    .....        (no amulet) Stlth **++++++++
                     (no ring)
HPRegen 0.27/turn    (no ring)
MPRegen 0.10/turn

%: no teleportation
@: wreathed by umbra
A: small, no large weapons, nightstalker 3
a: Renounce Religion, Shadow Step


You were in the Dungeon.
You worshipped Dithmenos.
Dithmenos was greatly pleased with you.
You visited 1 branch

Inventory:

Hand Weapons
 a - a +2 dagger (weapon)
 o - a +0 dagger of draining
Missiles
 d - 15 poisoned darts (quivered)
 e - 3 curare-tipped darts
Armour
 b - a +0 robe (worn)
 c - a +0 cloak (worn)
Scrolls
 k - a scroll of blinking
 m - 5 scrolls of amnesia
 n - a scroll of butterflies
Potions
 f - 6 potions of curing
 g - 6 potions of heal wounds
 h - a potion of haste
 i - 4 potions of magic
 j - 3 potions of berserk rage
 l - 2 potions of invisibility


   Skills:
 + Level 5.7 Fighting
 + Level 6.2 Short Blades
 + Level 4.6 Throwing
 + Level 2.4 Dodging
 + Level 18.5 Stealth


You had 6 spell levels left.
You didn't know any spells.
Your spell library was empty.

Dungeon Overview and Level Annotations

Branches:
Dungeon (1/1)

Altars:
Ashenzari
Cheibriados
Dithmenos
Elyvilon
Fedhas
Gozag
Hepliaklqana
Kikubaaqudgha
Makhleb
Nemelex Xobeh
Okawaru
Qazlal
Ru
Sif Muna
Trog
Uskayaw
Vehumet
Wu Jian
Xom
Yredelemnul
Zin
The Shining One
Jiyva
Lugonu


Innate Abilities, Weirdness & Mutations

You are small and have problems with some larger weapons.
You are completely attuned to the shadows.


Message History

No target in view!
No target in view!
No target in view!
No target in view!
You open the door.
A gnoll sergeant comes into view. It is wielding a +0 trident.
A gnoll sergeant is nearby!
The gnoll sergeant hits you with a +0 trident.
There is an open door, spattered with blood here.
You hit the gnoll sergeant.
The gnoll sergeant is lightly wounded.
You hit the gnoll sergeant but do no damage.
The gnoll sergeant is lightly wounded.
The gnoll sergeant misses you.
You hit the gnoll sergeant but do no damage.
The gnoll sergeant is lightly wounded.
The gnoll sergeant hits you with a +0 trident!
You hit the gnoll sergeant but do no damage.
The gnoll sergeant is lightly wounded.
You hit the gnoll sergeant. Your punch misses the gnoll sergeant.
The gnoll sergeant is moderately wounded.
The gnoll sergeant barely misses you.
You hit the gnoll sergeant but do no damage.
The gnoll sergeant is moderately wounded.
The gnoll sergeant barely misses you.
You hit the gnoll sergeant.
The gnoll sergeant is moderately wounded.
The gnoll sergeant hits you with a +0 trident!
You are too injured to fight recklessly!
You are too injured to fight recklessly!
You hit the gnoll sergeant.
The gnoll sergeant is heavily wounded.
You hit the gnoll sergeant.
The gnoll sergeant is heavily wounded.
The gnoll sergeant hits you with a +0 trident!
* * * LOW HITPOINT WARNING * * *
You barely miss the gnoll sergeant.
The gnoll sergeant is heavily wounded.
The gnoll sergeant hits you with a +0 trident!
You die...

#.#....))[.##.......##..#.
#.#...)))[.##.......##..#.
#'###########.......##..+.
#......†# ##########..+.
#...#...# #..+. #...#...#
#..#. #.##.##.#+# #..#.
#...#...#g+ #..##
#...#...#@# #†.....)')#
###########


You could see a gnoll sergeant.

Vanquished Creatures
  A water moccasin (D)
  A floating eye (D)
  An ogre (D)
  A wolf (D)
  A kobold brigand (D)
  A bullfrog (D)
  A jelly (D)
  An ufetubus (D)
  An adder skeleton (D)
  A bat skeleton (D)
  An endoplasm (D)
  2 quokkas (D)
  A bat (D)
  A goblin (D)
  A kobold (D)
  A rat (D)
17 creatures vanquished.

Notes
Turn   | Place    | Note
-------+----------+-------------------------------------------
     0 | D        | sircluck the Kobold Brigand began the quest for the Orb.
     0 | D        | Reached XP level 1. HP: 12/12 MP: 1/1
    28 | D        | Noticed a wyvern
    28 | D        | Noticed a demonic crawler
   102 | D        | Found a bloodstained altar of Trog.
   102 | D        | Found a shimmering blue altar of Sif Muna.
   102 | D        | Found a viscous altar of Jiyva.
   102 | D        | Found a hazy altar of Hepliaklqana.
   102 | D        | Found an opulent altar of Gozag.
   103 | D        | Found a glowing golden altar of the Shining One.
   103 | D        | Found a glowing silver altar of Zin.
   103 | D        | Found a sacrificial altar of Ru.
   103 | D        | Found a stormy altar of Qazlal.
   103 | D        | Found a blossoming altar of Fedhas.
   105 | D        | Found a basalt altar of Yredelemnul.
   105 | D        | Found an iron altar of Okawaru.
   105 | D        | Found a white marble altar of Elyvilon.
   107 | D        | Found a sparkling altar of Nemelex Xobeh.
   107 | D        | Found a shimmering altar of Xom.
   107 | D        | Found a shadowy altar of Dithmenos.
   109 | D        | Found a snail-covered altar of Cheibriados.
   109 | D        | Found a burning altar of Makhleb.
   109 | D        | Found an ornate altar of the Wu Jian Council.
   110 | D        | Found a corrupted altar of Lugonu.
   110 | D        | Found a radiant altar of Vehumet.
   111 | D        | Found a broken altar of Ashenzari.
   111 | D        | Found an ancient bone altar of Kikubaaqudgha.
   111 | D        | Found a hide-covered altar of Uskayaw.
   115 | D        | Became a worshipper of Dithmenos the Shadowed
   137 | D        | Reached skill level 6 in Stealth
   152 | D        | Reached * piety under Dithmenos
   193 | D        | Reached skill level 7 in Stealth
   193 | D        | Reached XP level 2. HP: 18/18 MP: 2/2
   196 | D        | Noticed a floating eye
   196 | D        | Noticed a wolf
   198 | D        | Killed a floating eye
   198 | D        | Reached ** piety under Dithmenos
   199 | D        | Reached skill level 12 in Stealth
   199 | D        | Reached XP level 3. HP: 24/24 MP: 3/3
   199 | D        | Reached XP level 4. HP: 29/29 MP: 4/4
   199 | D        | Reached XP level 5. HP: 33/33 MP: 5/5
   201 | D        | Killed a wolf
   202 | D        | Reached skill level 5 in Short Blades
   202 | D        | Reached skill level 14 in Stealth
   202 | D        | Reached XP level 6. HP: 39/39 MP: 6/6
   253 | D        | Noticed a water moccasin
   254 | D        | Reached *** piety under Dithmenos
   259 | D        | Killed a water moccasin
   260 | D        | Reached skill level 5 in Fighting
   260 | D        | Reached skill level 16 in Stealth
   264 | D        | Reached **** piety under Dithmenos
   265 | D        | Reached skill level 17 in Stealth
   265 | D        | Reached XP level 7. HP: 44/44 MP: 7/7
   275 | D        | Reached skill level 18 in Stealth
   286 | D        | Slain by a gnoll sergeant

Illustrated notes

Levels and vault maps discovered:
D:        pitsprint [storerooms_1, entrance_room_1, metal_vault_1, armoury_1,
          mini_pit_1, grid_room_1, main_hall_1, silver_pit, the_coven_2,
          the_vestibule_1, steel_vault_2, golden_pit, hallway_of_sentries,
          crystal_vault_2, iron_vault_5, final_vault]

Skill      XL: |  1  2  3  4  5  6  7 |
---------------+----------------------+-----
Stealth        | 7 12 14 17 18 | 18.5
Short Blades   | 3 4 5 6 |  6.2
Fighting       | 3 4 5 |  5.7
Throwing       | 3 4 |  4.6
Dodging        | 2 |  2.4

Action                     |  1- 3 |  4- 6 |  7- 9 || total
---------------------------+-------+-------+-------++-------
  Melee: Dagger            |    21 |     8 |    12 ||    41
         Punch             |     1 |       |       ||     1
   Stab: Sleeping          |     4 |     8 |     2 ||    14
 Armour: Robe              |     2 |       |       ||     2
  Dodge: Dodged            |    13 |       |     3 ||    16

Table legend: (Time is in decaauts)
 A = Elapsed time spent in this place.
 B = Non-inter-level travel time spent in this place.
 C = Inter-level travel time spent in this place.
 D = Time resting spent in this place.
 E = Time spent auto-exploring this place.
 F = Levels seen in this place.
 G = Mean time per level.
                   A        B        C        D        E       F      G
               +--------+--------+--------+--------+--------+-----+--------+
         Total |    277 |    225 |     52 |     33 |     57 |   1 |  277.0 |
       Dungeon |    277 |    225 |     52 |     33 |     57 |   1 |  277.0 |
               +--------+--------+--------+--------+--------+-----+--------+

Top non-repeatable levels by time:
       D: 277 daAuts
